 Dungeon Crawl Stone Soup version 0.29-a0-40-g8eb35efe60 (webtiles) character file.

Game seed: 6539309316626089297

12207 robertstho the Thaumaturge (level 12, -5/83 HPs)
             Began as a Djinni Fire Elementalist on Feb 1, 2022.
             Was a Priest of Makhleb.
             Killed from afar by Azrael (53 damage)
             ... with damnation
             ... on level 12 of the Dungeon.
             The game lasted 00:22:40 (12849 turns).

robertstho the Thaumaturge (DjFE)                  Turns: 12849, Time: 00:22:40

Health: -5/83      AC: 18    Str:  7    XL:     12   Next: 17%
Gold:   372        EV: 12    Int: 22    God:    Makhleb [***...] SH:  0 Dex: 14

rFire   + + .      SeeInvis .   k - +2 short sword (elec)
rCold   x . .      Faith    .   (no shield)
rNeg    . . .      Spirit   .   l - +0 troll leather armour {Pargi}
rPois   ∞          Reflect  .   U - +2 helmet
rElec   .          Harm     .   a - +0 cloak
rCorr   .          Rampage  .   S - +0 pair of gloves
Will    +....                   (boots unavailable)
Stlth   ++........              (no amulet)
HPRegen 1.03/turn               J - +4 ring of protection
MPRegen 0.00/turn               f - +4 ring of protection

@: forested, flying
A: sickness immunity, fire resistance 2, cold vulnerability 1, float, innate
caster, HP casting, extra vitality 1
a: Renounce Religion, Minor Destruction, Lesser Servant of Makhleb


You were on level 12 of the Dungeon.
You worshipped Makhleb.
Makhleb was most pleased with you.
You visited 2 branches of the dungeon, and saw 13 of its levels.
You also visited: Sewer.

You collected 765 gold pieces.
You spent 393 gold pieces at shops.

Inventory:

Hand Weapons
 c - a +0 dagger
 k - a +2 short sword of electrocution (weapon)
Missiles
 y - 2 throwing nets
Armour
 a - a +0 cloak (worn)
 h - the +3 ring mail of Midsummer {*Slow rF++ Dex+5}
   (You found it on level 2 of the Dungeon)

   Dex:       It affects your dexterity (+5).
   rF:        It greatly protects you from fire.
   *Slow:     It may slow you when you take damage.
 l - a +0 troll leather armour (worn) {Pargi}
 S - a +0 pair of gloves (worn)
 U - a +2 helmet (worn)
Jewellery
 f - a +4 ring of protection (right hand)
 i - a ring of wizardry
 G - a +4 ring of slaying
 J - a +4 ring of protection (left hand)
 K - a +6 ring of dexterity
 O - a ring of willpower
 P - a ring of fire
Wands
 g - a wand of charming (9)
 j - a wand of iceblast (16)
 r - a wand of digging (7)
 F - a wand of paralysis (24)
 H - a wand of acid (23)
 I - a wand of mindburst (22)
 M - a wand of flame (11)
 Q - a wand of polymorph (5)
Scrolls
 d - a scroll of silence
 m - 4 scrolls of enchant armour
 p - 4 scrolls of fear {unknown}
 q - 4 scrolls of immolation {unknown}
 x - 3 scrolls of teleportation
 z - 2 scrolls of holy word {unknown}
 B - 2 scrolls of acquirement {unknown}
 C - 4 scrolls of magic mapping {unknown}
 D - a scroll of amnesia {unknown}
 E - 3 scrolls of vulnerability
 R - a scroll of torment {unknown}
 W - a scroll of identify
 X - a scroll of blinking
Potions
 b - 3 potions of might
 e - 4 potions of attraction
 n - 4 potions of cancellation {unknown}
 o - 2 potions of magic {unknown}
 s - 9 potions of curing
 t - 5 potions of flight {unknown}
 u - 2 potions of lignification
 v - 3 potions of degeneration {unknown}
 w - 4 potions of haste {unknown}
 A - 2 potions of invisibility
 L - a potion of mutation
 N - a potion of resistance
 V - a potion of ambrosia {unknown}
Miscellaneous
 T - a lightning rod (4/4)


   Skills:
 * Level 6.1 Fighting
 + Level 1.0 Short Blades
 + Level 3.9 Armour
 + Level 3.5 Dodging
 + Level 2.6 Stealth
 * Level 12.3 Spellcasting
 * Level 5.4 Invocations


You had 7 spell levels left.
You knew the following spells:

 Your Spells              Type           Power      Damage    Failure   Level
a - Foxfire               Conj/Fire      100%       2x1d9     1%          1
b - Scorch                Fire           100%       2d10      1%          2
c - Conjure Flame         Conj/Fire      62%        6-21      1%          3
d - Inner Flame           Hex/Fire       62%        N/A       1%          3
e - Flame Wave            Conj/Fire      62%        2d12      1%          4
f - Apportation           Tloc           100%       N/A       1%          1
g - Passwall              Tmut/Erth      51%        N/A       1%          2
h - Lesser Beckoning      Tloc           62%        N/A       1%          3
i - Cause Fear            Hex            31%        N/A       1%          4
j - Summon Forest         Summ/Tloc      31%        N/A       1%          5
Your spell library was empty.

Dungeon Overview and Level Annotations

Branches:
Dungeon (12/15)            Temple (1/1) D:6            Lair (0/6) D:9
    Orc (0/2) D:10          Sewer (visited)

Altars:
Ashenzari
Cheibriados
Dithmenos
Elyvilon
Fedhas
Gozag
Hepliaklqana
Kikubaaqudgha
Makhleb
Nemelex Xobeh
Okawaru
Qazlal
Ru
Sif Muna
Trog
Uskayaw
Vehumet
Wu Jian
Xom
Yredelemnul
Zin
The Shining One

Shops:
D:8 *   D:9 *

Annotations:
D:12 Azrael


Innate Abilities, Weirdness & Mutations

You are immune to sickness and miasma.
You are immune to poison.
Your flesh is very heat resistant. (rF++)
You are vulnerable to cold. (rC-)
You float through the air rather than walking.
You learn spells naturally, not from books.
Your magical power is your life essence.
You have superior vitality. (+4 MHP)


Message History

A wave of flame ripples out! (Press . to intensify the flame waves.) Unknown command.
Unknown command.
Azrael gestures at you. The bolt of fire hits you! You resist.
Azrael gestures at you.
The sphere of damnation explodes!
The damnation engulfs you!!
You hear a bark!
Casting: Flame Wave (safe; 1% risk of failure)
Confirm with . or Enter, or press ? or * to list all spells.
Aiming: Passwall (safe; 1% risk of failure)
Press: ? - help, Dir - move target A rock wall.
You miscast Passwall.
You are very lightly contaminated with residual magic.
Nothing appears to happen.
Casting: Passwall (safe; 1% risk of failure)
Confirm with . or Enter, or press ? or * to list all spells.
Aiming: Passwall (safe; 1% risk of failure)
Press: ? - help, Dir - move target A rock wall.
You begin to meditate on the wall.
You continue meditating on the rock. x2
You finish merging with the rock.
You start resting.
Your magical contamination has completely faded away.
You start resting.
Space becomes stable.
You start resting.
Azrael is nearby!
Casting: Passwall (safe; 1% risk of failure)
Confirm with . or Enter, or press ? or * to list all spells.
A forested plane collides here with a resounding crunch!
Your dryad calls out to the forest.
The forest starts to sway and rumble!
You hear a bark!
Azrael gestures at you.
The sphere of damnation explodes!
The damnation engulfs you!!!
Ouch! That really hurt!
You die...

####### ##
###########.....############ .#
#.....#...#R....♣........... .#
#.....#...#...♣.+........... .#
#.....#...#@....♣...........
#######....#...#.♣...♣#####...##.
#.....#....#♣..#.....♣...##...##.
'.....#....#♣R♣#.....♣.........#.
#.....#....#..☼#.....'.........#.
#.....#...##...#.....#.........#.
#.....###'##.°.♣.♣...#...##...###
#...°.#....♣..☼R.....♣#####...#..
#.....#....♣.☼.♣...♣.#........#..


You could see Azrael (ally target) and a friendly dryad (summoned).

Vanquished Creatures
  A hydra (D:12)
  2 two-headed ogres
  A cyclops (D:12)
  A manticore (D:12)
  An elephant (D:9)
  A gargoyle (D:8)
  2 unseen horrors
  A kobold demonologist (D:9)
  Psyche (D:8)
  A troll (D:9)
  A centaur simulacrum (D:12)
  A wyvern (D:9)
  Sigmund (D:2)
  A vampire (D:11)
  3 yaks (D:10)
  2 steam dragons
  2 basilisks (D:9)
  A wraith (D:12)
  7 vampire mosquitoes (D:12)
  2 water moccasins (D:6)
  Pargi (Sewer)
  4 orc warriors
  2 sky beasts
  A hornet zombie (D:7)
  An ogre (D:6)
  3 centaurs
  2 phantoms
  5 kobold brigands
  3 scorpions
  A wyvern skeleton (D:7)
  A water moccasin skeleton (D:6)
  6 killer bees (D:9)
  3 wights (D:9)
  2 electric eels (D:10)
  3 howler monkeys
  2 centaur zombies
  10 orc priests
  A gnoll shaman (D:6)
  Terence (D:3)
  11 orc wizards
  Natasha (D:2)
  2 killer bee zombies
  A howler monkey skeleton (D:5)
  A howler monkey zombie (D:6)
  7 adders
  7 gnolls
  An ufetubus (D:5)
  3 worms
  2 dart slugs
  50 orcs
  18 ball pythons
  4 endoplasms
  5 goblins
  8 hobgoblins
  4 jackals (D:3)
  2 quokkas
  5 bats
  9 frilled lizards
  17 kobolds
  9 rats
252 creatures vanquished.

Vanquished Creatures (collateral kills)
  An ogre mage (D:12)
  A harpy (D:12)
  A cyclops (D:12)
3 creatures vanquished.

Vanquished Creatures (others)
  2 kobolds (D:8)
  999 foxfires
  2 snaplasher vines (D:12)
1003 creatures vanquished.

Grand Total: 1258 creatures vanquished

Notes
Turn   | Place    | Note
-------+----------+-------------------------------------------
     0 | D:1      | robertstho the Djinni Fire Elementalist began the quest for
                  | the Orb.
     0 | D:1      | Reached XP level 1. HP: 15/15 MP: 0/0
   677 | D:1      | Reached XP level 2. HP: 17/21 MP: 0/0
  1365 | D:2      | Reached skill level 3 in Spellcasting
  1365 | D:2      | Reached XP level 3. HP: 17/26 MP: 0/0
  1365 | D:2      | Learned a level 1 spell: Apportation
  1947 | D:2      | Identified the +3 ring mail of Midsummer {*Slow rF++ Dex+5}
  1951 | D:2      | Noticed Sigmund
  1955 | D:2      | Killed Sigmund
  1956 | D:2      | Reached skill level 1 in Fighting
  1956 | D:2      | Reached skill level 4 in Spellcasting
  1956 | D:2      | Reached XP level 4. HP: 18/32 MP: 0/0
  1956 | D:2      | Reached XP level 5. HP: 21/37 MP: 0/0
  1956 | D:2      | Learned a level 2 spell: Passwall
  1956 | D:2      | Reached XP level 6. HP: 24/42 MP: 0/0
  2235 | D:2      | Found a faded altar of an unknown god.
  2483 | D:2      | Noticed Natasha
  2493 | D:2      | Killed Natasha
  2669 | D:3      | Noticed Terence
  2677 | D:3      | Killed Terence
  2950 | D:3      | Found a glowing drain.
  2972 | Sewer    | Entered a sewer
  3170 | Sewer    | Noticed Pargi
  3173 | Sewer    | Killed Pargi
  3174 | Sewer    | Reached skill level 5 in Spellcasting
  3174 | Sewer    | Reached XP level 7. HP: 45/48 MP: 0/0
  3174 | Sewer    | Learned a level 3 spell: Lesser Beckoning
  5492 | D:5      | Entered Level 5 of the Dungeon
  5560 | D:5      | Reached skill level 1 in Armour
  5868 | D:5      | Reached skill level 6 in Spellcasting
  5868 | D:5      | Reached XP level 8. HP: 47/55 MP: 0/0
  6574 | D:6      | Found a staircase to the Ecumenical Temple.
  6591 | Temple   | Entered the Ecumenical Temple
  6673 | Temple   | Became a worshipper of Makhleb the Destroyer
  6714 | D:6      | Reached skill level 7 in Spellcasting
  7092 | D:6      | Reached XP level 9. HP: 54/61 MP: 0/0
  7092 | D:6      | Learned a level 4 spell: Cause Fear
  7309 | D:6      | You are sucked into a shaft and drop 1 floor!
  7449 | D:7      | Reached skill level 1 in Invocations
  7552 | D:7      | Reached skill level 8 in Spellcasting
  8093 | D:7      | Reached * piety under Makhleb
  8844 | D:8      | Noticed a gargoyle
  8851 | D:8      | Killed a gargoyle
  8956 | D:8      | Noticed Psyche
  8968 | D:8      | Killed Psyche
  9085 | D:8      | Reached skill level 9 in Spellcasting
  9085 | D:8      | Reached XP level 10. HP: 62/67 MP: 0/0
  9196 | D:8      | Noticed a two-headed ogre
  9207 | D:8      | Killed a two-headed ogre
  9450 | D:8      | Noticed a red ugly thing
  9481 | D:8      | Found Plog's Demolitions Depot.
  9854 | D:9      | Noticed a kobold demonologist
  9893 | D:9      | Killed a kobold demonologist
  9902 | D:9      | Reached skill level 10 in Spellcasting
  9977 | D:9      | Found Huyviut's Assorted Antiques.
 10039 | D:9      | Found a staircase to the Lair.
 10039 | D:9      | Noticed an elephant
 10136 | D:9      | Bought a scroll of teleportation for 66 gold pieces
 10136 | D:9      | Bought a granite ring for 110 gold pieces
 10136 | D:9      | Bought a cabochon ring for 110 gold pieces
 10136 | D:9      | Bought a metallic emerald potion for 19 gold pieces
 10136 | D:9      | Bought a tapered fluorescent wand for 88 gold pieces
 10202 | D:9      | Killed an elephant
 10203 | D:9      | Reached skill level 5 in Fighting
 10258 | D:9      | Reached ** piety under Makhleb
 10313 | D:9      | Reached XP level 11. HP: 76/76 MP: 0/0
 10313 | D:9      | Learned a level 5 spell: Summon Forest
 11002 | D:10     | Entered Level 10 of the Dungeon
 11210 | D:10     | Noticed a two-headed ogre
 11217 | D:10     | Killed a two-headed ogre
 11218 | D:10     | Reached skill level 11 in Spellcasting
 11401 | D:10     | Reached skill level 1 in Short Blades
 11554 | D:10     | Found a staircase to the Orcish Mines.
 11624 | D:10     | Reached *** piety under Makhleb
 12035 | D:11     | Found an iron altar of Okawaru.
 12417 | D:12     | Noticed a cyclops
 12418 | D:12     | Noticed a manticore
 12425 | D:12     | Killed a cyclops
 12430 | D:12     | Killed a manticore
 12464 | D:12     | Noticed a harpy
 12469 | D:12     | Killed a harpy
 12470 | D:12     | Reached skill level 5 in Invocations
 12483 | D:12     | Noticed a cyclops
 12489 | D:12     | Noticed an ogre mage
 12496 | D:12     | Killed a cyclops
 12498 | D:12     | Killed an ogre mage
 12499 | D:12     | Reached skill level 12 in Spellcasting
 12574 | D:12     | Noticed Azrael
 12657 | D:12     | Noticed a four-headed hydra
 12668 | D:12     | Killed a four-headed hydra
 12669 | D:12     | Reached XP level 12. HP: 83/83 MP: 0/0
 12849 | D:12     | Killed from afar by Azrael

Illustrated notes

Levels and vault maps discovered:
D:1:      dpeg_arrival_shrine, layout_loops_cross, feat_on_display
D:2:      layout_loops_cross, dreamdust_ecumenical_altar_angels_and_demons,
          uniq_natasha, uniq_sigmund
D:3:      layout_basic, mainiacjoe_overflow_brackets, portal_sewer_entry_a,
          uniq_terence
D:4:      layout_basic, minmay_snake_closets
D:5:      layout_cave_pods
D:6:      layout_cave_pools, minmay_temple_entry_mini_moons
D:7:      layout_layer_cave
D:8:      layout_cave_pods, nicolae_blasting_shop, uniq_psyche
D:9:      layout_stronghold, david_lair_generic, nicolae_inconvenience_store
D:10:     layout_loops_ring, erik_orc_2
D:11:     layout_basic, kennysheep_okawaru_gauntlet
D:12:     minmay_diamond_stairs, layout_gridville, uniq_azrael
Temple:   dpeg_three_leaves_temple

Skill      XL: |  1  2  3  4  5  6  7  8  9 10 11 |
---------------+----------------------------------+-----
Spellcasting   | 3 4 5 6 7 9 10 12 | 12.3
Fighting       | 1 2 3 4 5 6 |  6.1
Stealth        | 2 |  2.6
Armour         | 1 2 3 |  3.9
Invocations    | 2 3 5 |  5.4
Dodging        | 3 |  3.5
Short Blades   | 1 |  1.0

Action                   |  1- 3 |  4- 6 |  7- 9 | 10-12 || total
-------------------------+-------+-------+-------+-------++-------
Melee: Short sword       |       |       |     2 |    23 ||    25
 Cast: Foxfire           |    55 |    57 |   266 |   194 ||   572
       Scorch            |    12 |    16 |    59 |   101 ||   188
       Flame Wave        |       |       |     1 |    11 ||    12
       Conjure Flame     |       |       |       |     7 ||     7
       Cause Fear        |       |       |       |     2 ||     2
       Passwall          |       |       |       |     2 ||     2
       Summon Forest     |       |       |       |     5 ||     5
  Use: Scroll            |       |       |     6 |     6 ||    12
       Potion            |       |       |       |     2 ||     2
Armor: Robe              |     1 |       |       |       ||     1
       Ring mail         |       |     4 |    14 |       ||    18
       Troll leather arm |       |       |       |    54 ||    54
Dodge: Dodged            |     6 |     3 |    25 |    68 ||   102

Table legend: (Time is in decaauts)
 A = Elapsed time spent in this place.
 B = Non-inter-level travel time spent in this place.
 C = Inter-level travel time spent in this place.
 D = Time resting spent in this place.
 E = Time spent auto-exploring this place.
 F = Levels seen in this place.
 G = Mean time per level.
                   A        B        C        D        E       F      G
               +--------+--------+--------+--------+--------+-----+--------+
         Total |  12852 |  12550 |    302 |    315 |  10455 |  14 |  918.0 |
       Dungeon |  12236 |  11948 |    288 |    315 |   9937 |  12 | 1019.7 |
        Temple |     95 |     82 |     13 |      0 |     70 |   1 |   95.0 |
         Sewer |    520 |    520 |      0 |      0 |    448 |   1 |  520.0 |
               +--------+--------+--------+--------+--------+-----+--------+

Top non-repeatable levels by time:
     D:7: 1499 daAuts
     D:1: 1342 daAuts
     D:2: 1316 daAuts
     D:3: 1218 daAuts
     D:9: 1122 daAuts
     D:4: 1090 daAuts
     D:8: 1072 daAuts
     D:6: 879 daAuts
    D:10: 864 daAuts
     D:5: 842 daAuts
   Sewer: 520 daAuts
    D:11: 510 daAuts
    D:12: 475 daAuts
  Temple: 95 daAuts
